 Dungeon Crawl Stone Soup version 0.29.0-4-gdea44cf6ec (webtiles) character file.

Game seed: 3420528330312303331

246 melkoren the Sneak (level 5, -1/28 HPs)
             Began as a Vampire Enchanter on Aug 27, 2022.
             Was a Priest of Nemelex Xobeh.
             Slain by a gnoll
             ... wielding a +0 club
             ... led by a gnoll bouda
              (4 damage)
             ... on level 4 of the Dungeon.
             The game lasted 00:23:33 (4801 turns).

melkoren the Sneak (Vampire Enchanter)              Turns: 4801, Time: 00:23:34

Health: -1/28      AC:  4    Str:  4 (7)  XL:     5   Next: 84%
Magic:  1/9        EV: 12    Int: 13 (17) God:    Nemelex Xobeh [***...]
Gold:   214        SH:  5    Dex: 13 (17) Spells: 1/9 levels left

rFire   . . .      SeeInvis +   a - +1 dagger
rCold   + + .      Faith    .   (no shield)
rNeg    + + +      Spirit   .   b - +0 robe
rPois   ∞          Reflect  +   g - +1 helmet
rElec   .          Harm     .   (no cloak)
rCorr   .          Rampage  .   (no gloves)
Will    .....                   (no boots)
Stlth   +++++.....              l - amulet of reflection
HPRegen 0.00/turn               (no ring)
MPRegen 0.11/turn               (no ring)

@: bloodless, inhibited regen
A: bloodless, fangs 3, see invisible, vampiric 2
a: Bat Form, Revivify, Renounce Religion, Draw Escape, Draw Destruction, Draw
Summoning, Triple Draw


You were on level 4 of the Dungeon.
You worshipped Nemelex Xobeh.
Nemelex Xobeh was most pleased with you.
You visited 1 branch of the dungeon, and saw 4 of its levels.

You collected 214 gold pieces.

Inventory:

Hand Weapons
 a - a +1 dagger (weapon)
 e - a +3 spear of pain
 i - a +0 sling
Missiles
 f - 4 javelins (quivered)
Armour
 b - a +0 robe (worn)
 g - a +1 helmet (worn)
Jewellery
 l - an amulet of reflection (around neck)
Scrolls
 j - a scroll of identify
 k - 2 scrolls of brand weapon
 n - a scroll of amnesia {unknown}
Potions
 c - a potion of invisibility
 d - a potion of curing
 h - a potion of heal wounds {unknown}
 m - 2 potions of berserk rage {unknown}
 o - a potion of degeneration {unknown}
 p - 2 potions of flight {unknown}
 q - 2 potions of magic {unknown}


   Skills:
 * Level 3.1 Short Blades
 - Level 2.1 Dodging
 + Level 6.7 Stealth
 + Level 2.9 Spellcasting
 + Level 6.4 Hexes


You had one spell level left.
You knew the following spells:

 Your Spells              Type           Power      Damage    Failure   Level
a - Ensorcelled Hibernat  Hex/Ice        20%        N/A       10%         2
b - Dazzling Flash        Conj/Hex       20%        N/A       19%         3
c - Confusing Touch       Hex            18%        N/A       4%          3

Your spell library contained the following spells:

 Spells                   Type           Power      Damage    Failure   Level
 Apportation              Tloc           2%         N/A       24%         1
 Magic Dart               Conj           4%         1d3       24%         1
 Necrotise                Necr           4%         1d4       24%         1
 Tukima's Dance           Hex            18%        N/A       4%          3
 Call Imp                 Summ           1%         N/A       34%         2
 Mephitic Cloud           Conj/Pois/Air  1%         N/A       56%         3
 Vampiric Draining        Necr           1%         2d6       56%         3
 Agony                    Necr           1%         N/A       100%        5
 Alistair's Intoxication  Tmut/Pois      0%         N/A       100%        5


Dungeon Overview and Level Annotations

Branches:
Dungeon (4/15)
 Temple: D:4-7

Altars:
Nemelex Xobeh
Okawaru
Ru
Wu Jian

Annotations:
D:3 Ijyb
D:4 Sigmund


Innate Abilities, Weirdness & Mutations

You do not regenerate when monsters are visible.
You are frail without blood (-20% HP).
You can heal yourself when you bite living creatures.
You are immune to poison.
You have razor-sharp teeth.
You have supernaturally acute eyesight. (SInv)
You are afflicted with vampirism and can become a bat while bloodless.


Message History

Confirm with . or Enter, or press ? or * to list all spells.
The spell is quite dangerous to miscast (4% risk of failure)!
Continue anyway?
Your hands begin to glow red.
You block the gnoll's attack. The gnoll misses you.
The gnoll hits you from afar with a +0 spear.
You closely miss the gnoll. You bite the gnoll.
You draw the gnoll's blood!
You feel better.
The gnoll is lightly wounded.
The gnoll hits you with a +0 whip! The gnoll hits you with a +0 club.
The gnoll hits you from afar with a +0 spear.
You hit the gnoll but do no damage.
The gnoll appears confused.
You bite the gnoll.
You draw the gnoll's blood!
You feel better.
The gnoll is moderately wounded.
The gnoll hits you with a +0 whip.
The gnoll barely misses itself.
The gnoll barely misses you.
You catch the helpless gnoll completely off-guard!
You bite the gnoll, and draw its blood!
You feel better.
You puncture the gnoll!
You kill the gnoll!
The gnoll hits you with a +0 club.
You hit the gnoll.
The gnoll is moderately wounded.
The gnoll hits you from afar with a +0 spear.
The gnoll hits you with a +0 club.
You closely miss the gnoll.
The gnoll is moderately wounded.
The gnoll hits you from afar with a +0 spear.
You hit the gnoll.
The gnoll is moderately wounded.
The gnoll misses you.
The gnoll bouda hits you with a +0 club!
* * * LOW HITPOINT WARNING * * *
Okay, then.
Okay, then.
As you read the scroll labelled KIFUSHR TAENN, it crumbles to dust.
It is a scroll of identify.
k - 2 scrolls of brand weapon The gnoll completely misses you.
The gnoll hits you with a +0 club.
You die...
Your body disappears without a glow.

###...g.#####.......#
##.........####.......
....≈≈..... #.......
...≈§.....###....... #
......##..#........ ##.
♣.....##..#.......#
....♣♣..g.........###.##
#....gg.......#...#...#
#....)@..##...#..##.###
..#...≈≈..##..#....#.###
#...≈≈......#......#..
#............#.#........
##.###.....####....#....
#..#######..##....#.###
##........##..........#
########....####PP....
#..#.# #PPP...


You could see a gnoll bouda and 2 gnolls.

Vanquished Creatures
  Jessica (D:3)
  Robin (D:3)
  2 gnolls
  4 adders
  2 dart slugs
  A worm (D:2)
  5 orcs
  6 endoplasms
  2 giant cockroaches
  10 hobgoblins
  5 quokkas
  7 ball pythons
  A bat (D:1)
  6 frilled lizards
  12 goblins
  6 kobolds
  7 rats
78 creatures vanquished.

Vanquished Creatures (collateral kills)
  An orc wizard (D:2)
  3 gnolls (D:2)
  A worm (D:2)
  4 orcs (D:2)
  A giant cockroach (D:2)
10 creatures vanquished.

Vanquished Creatures (others)
  2 goblins (D:3)
2 creatures vanquished.

Grand Total: 90 creatures vanquished

Notes
Turn   | Place    | Note
-------+----------+-------------------------------------------
     0 | D:1      | melkoren the Vampire Enchanter began the quest for the Orb.
     0 | D:1      | Reached XP level 1. HP: 13/13 MP: 3/3
   317 | D:1      | Found a faded altar of an unknown god.
   324 | D:1      | Prayed at the altar of an unknown god.
   324 | D:1      | Became a worshipper of Nemelex Xobeh the Trickster
   324 | D:1      | Reached * piety under Nemelex Xobeh
   324 | D:1      | Received a gift from Nemelex Xobeh
   333 | D:1      | Reached XP level 2. HP: 15/15 MP: 5/5
   336 | D:1      | Learned a level 2 spell: Ensorcelled Hibernation
   546 | D:1      | Reached skill level 5 in Stealth
   749 | D:1      | Reached skill level 5 in Hexes
  1016 | D:1      | Gained mutation: You are afflicted with vampirism and can
                  | become a bat while bloodless. [Vampire growth]
  1016 | D:1      | Reached XP level 3. HP: 19/19 MP: 6/6
  2238 | D:2      | Received a gift from Nemelex Xobeh
  2275 | D:2      | Reached XP level 4. HP: 17/24 MP: 2/7
  2338 | D:2      | Reached XP level 5. HP: 27/28 MP: 5/8
  2758 | D:3      | Reached ** piety under Nemelex Xobeh
  2803 | D:3      | Noticed Jessica
  2849 | D:3      | Noticed Robin
  2872 | D:3      | Learned a level 3 spell: Dazzling Flash
  2879 | D:3      | Killed Jessica
  3042 | D:3      | Killed Robin
  3548 | D:3      | Noticed Ijyb
  4021 | D:3      | Found a sacrificial altar of Ru.
  4121 | D:4      | Learned a level 3 spell: Confusing Touch
  4260 | D:4      | Found an iron altar of Okawaru.
  4531 | D:4      | Found an ornate altar of the Wu Jian Council.
  4604 | D:4      | Reached *** piety under Nemelex Xobeh
  4759 | D:4      | Noticed Sigmund
  4801 | D:4      | Slain by a gnoll

Illustrated notes

Levels and vault maps discovered:
D:1:      lemuel_arrival_hallway, layout_basic,
          hellmonk_ecumenical_altar_heavens_door
D:2:      minmay_skewed_foursquare, layout_basic
D:3:      layout_basic, nicolae_ru_path_of_blood, uniq_robin, uniq_ijyb,
          uniq_jessica
D:4:      layout_cave_pools, lemuel_round_altar, nicolae_wu_jian_wuxing_cycle,
          nicolae_eternal_life, sigmund_edmund_badplayer

Skill      XL: |  1  2  3  4  5 |
---------------+----------------+-----
Stealth        | 5 6 |  6.7
Hexes          | 5 6 |  6.4
Short Blades   | 2 3 |  3.1
Dodging        | |  2.1
Spellcasting   | |  2.9

Action                   |  1- 3 |  4- 6 || total
-------------------------+-------+-------++-------
Melee: Dagger            |    73 |    73 ||   146
       Bite              |     4 |     5 ||     9
 Cast: Ensorcelled Hiber |    21 |    23 ||    44
       Confusing Touch   |       |     2 ||     2
       Dazzling Flash    |       |     1 ||     1
Invok: Draw Summoning    |     1 |     2 ||     3
       Draw Destruction  |       |     3 ||     3
 Abil: Exsanguinate      |     1 |       ||     1
       End Transformatio |       |     2 ||     2
       Bat Form          |       |     2 ||     2
  Use: Scroll            |     3 |     5 ||     8
       Potion            |     2 |     4 ||     6
 Stab: Sleeping          |    34 |    15 ||    49
       Invisible         |       |     3 ||     3
       Distracted        |       |     1 ||     1
       Confused          |       |     1 ||     1
Armor: Robe              |     6 |    12 ||    18
Dodge: Dodged            |    37 |    68 ||   105
Block: Other             |       |     3 ||     3
